 Dungeon Crawl Stone Soup version 0.28.0 (webtiles) character file.

Game seed: 16997467627106152829

147 Sanktem7 the Conjurer (level 5, -2/37 HPs)
             Began as a Gnoll Conjurer on Feb 8, 2022.
             Slain by an orc (3 damage)
             ... on level 4 of the Dungeon.
             The game lasted 00:07:00 (2466 turns).

Sanktem7 the Conjurer (Gnoll Conjurer)              Turns: 2466, Time: 00:07:01

Health: -2/37      AC:  6    Str:  6    XL:     5   Next: 29%
Magic:  2/12       EV: 13    Int: 20    God:
Gold:   18         SH:  0    Dex: 10    Spells: 11/14 levels left

rFire   . . .      SeeInvis .   i - +2 falchion (vorpal)
rCold   . . .      Faith    .   (no shield)
rNeg    + . .      Spirit   .   a - +0 robe
rPois   .          Reflect  .   (no helmet)
rElec   .          Harm     .   (no cloak)
rCorr   .          Rampage  .   (no gloves)
Will    .....                   (no boots)
Stlth   ++........              (no amulet)
HPRegen 0.12/turn               c - +4 ring of protection
MPRegen 0.13/turn               g - ring of positive energy

@: no status effects
A: fangs 1, strong nose, distributed training
a: no special abilities


You were on level 4 of the Dungeon.
You visited 1 branch of the dungeon, and saw 4 of its levels.

You collected 216 gold pieces.
You spent 198 gold pieces at shops.

Inventory:

Hand Weapons
 i - a +2 vorpal falchion (weapon)
Missiles
 f - 3 throwing nets
Armour
 a - a +0 robe (worn)
Jewellery
 c - a +4 ring of protection (left hand)
 g - a ring of positive energy (right hand)
Scrolls
 b - a scroll of identify
 e - 3 scrolls of teleportation
Potions
 h - a potion of attraction


   Skills:
 + Level 1.4 Fighting
 + Level 1.4 Short Blades
 + Level 1.4 Long Blades
 + Level 1.4 Axes
 + Level 1.4 Maces & Flails
 + Level 1.4 Polearms
 + Level 1.4 Staves
 + Level 1.4 Slings
 + Level 1.4 Bows
 + Level 1.4 Crossbows
 + Level 1.4 Throwing
 + Level 1.4 Armour
 + Level 4.7 Dodging
 + Level 4.4 Stealth
 + Level 1.4 Shields
 + Level 1.4 Unarmed Combat
 + Level 5.2 Spellcasting
 + Level 7.2 Conjurations
 + Level 1.1 Hexes
 + Level 1.1 Summonings
 + Level 1.1 Necromancy
 + Level 1.1 Translocations
 + Level 1.1 Transmutations
 + Level 1.1 Fire Magic
 + Level 1.1 Ice Magic
 + Level 1.1 Air Magic
 + Level 1.1 Earth Magic
 + Level 1.1 Poison Magic
 + Level 1.6 Invocations
 + Level 1.4 Evocations


You had 11 spell levels left.
You knew the following spells:

 Your Spells              Type           Power      Damage    Failure   Level
a - Magic Dart            Conj           100%       1d8       1%          1
b - Searing Ray           Conj           68%        2d6       1%          2

Your spell library contained the following spells:

 Spells                   Type           Power      Damage    Failure   Level
 Dazzling Flash           Conj/Hex       42%        N/A       6%          3
 Animate Skeleton         Necr           18%        N/A       7%          1
 Apportation              Tloc           18%        N/A       7%          1
 Summon Small Mammal      Summ           36%        N/A       7%          1
 Fulminant Prism          Conj/Hex       10%        3d9       21%         4
 Iskenderun's Mystic Bla  Conj/Tloc      21%        2d6       21%         4


Dungeon Overview and Level Annotations

Branches:
Dungeon (4/15)
 Temple: D:4-7

Altars:

Shops:
D:4 **


Innate Abilities, Weirdness & Mutations

You have very sharp teeth.
Your uncanny sense of smell can sniff out nearby items.
Your experience applies equally to all skills.


Message History

Nothing appears to happen.
The phantom hits you but does no damage.
The phantom closely misses you.
Your magical contamination has completely faded away.
Casting: Magic Dart (safe; 1% risk of failure)
Confirm with . or Enter, or press ? or * to list all spells.
Aiming: Magic Dart (safe; 1% risk of failure)
Press: ? - help, Shift-Dir - straight line, f/p - phantom
Aim: a phantom (100% to hit)
The magic dart hits the phantom but does no damage.
The phantom hits you.
The phantom blinks!
You blink.
The phantom hits you but does no damage.
The phantom hits you but does no damage.
The phantom barely misses you.
You see here 17 stones.
Casting: Magic Dart (safe; 1% risk of failure)
Confirm with . or Enter, or press ? or * to list all spells.
Aiming: Magic Dart (safe; 1% risk of failure)
Press: ? - help, Shift-Dir - straight line, f/p - phantom
Aim: a phantom (100% to hit)
The magic dart hits the phantom.
The phantom is lightly damaged.
The phantom hits you.
* * * LOW HITPOINT WARNING * * *
The phantom blinks!
You blink.
The phantom barely misses you.
Casting: Magic Dart (safe; 1% risk of failure)
Confirm with . or Enter, or press ? or * to list all spells.
Aiming: Magic Dart (safe; 1% risk of failure)
Press: ? - help, Shift-Dir - straight line, f/p - phantom
Aim: a phantom (100% to hit)
The magic dart hits the phantom.
The phantom is lightly damaged.
The orc hits you with a +0 club.
* * * LOW HITPOINT WARNING * * *
The phantom hits you!
* * * LOW HITPOINT WARNING * * *
The phantom blinks!
You blink.
The orc hits you with a +0 club.
You die...

#. #..).......####.###
#.##.##....#####...##...#
#.......##.#
#.#.##.#(#####
####.......#
#............. ####.##.#
#.......⌠...⌠.
#.##.#####.#.#...∩...∩.
#..........#.#...⌠...⌠.
#.....Wo..§.(#.........
######@...####(.#...... ∆
###### #.........
#....##.#. #.........
#.#..####. #.#..# #. #.


You could see a phantom and an orc.

Vanquished Creatures
  7 gnolls (D:2)
  2 adders
  An adder skeleton (D:4)
  2 orcs (D:4)
  11 ball pythons
  4 endoplasms (D:1)
  5 giant cockroaches
  6 goblins
  2 hobgoblins
  3 quokkas
  2 bats (D:1)
  2 frilled lizards (D:1)
  6 kobolds
  4 rats
57 creatures vanquished.

Vanquished Creatures (others)
  10 plants (D:2)
10 creatures vanquished.

Grand Total: 67 creatures vanquished

Notes
Turn   | Place    | Note
-------+----------+-------------------------------------------
     0 | D:1      | Sanktem7 the Gnoll Conjurer began the quest for the Orb.
     0 | D:1      | Reached XP level 1. HP: 13/13 MP: 6/6
   217 | D:1      | Found a faded altar of an unknown god.
   269 | D:1      | Reached XP level 2. HP: 19/19 MP: 5/7
   880 | D:2      | Learned a level 2 spell: Searing Ray
   881 | D:2      | Reached XP level 3. HP: 25/25 MP: 5/9
   946 | D:2      | Reached skill level 5 in Spellcasting
   948 | D:2      | Reached skill level 1 in Invocations
   971 | D:2      | Reached skill level 1 in Fighting
   971 | D:2      | Reached skill level 1 in Short Blades
   971 | D:2      | Reached skill level 1 in Long Blades
   971 | D:2      | Reached skill level 1 in Axes
   971 | D:2      | Reached skill level 1 in Maces & Flails
   971 | D:2      | Reached skill level 1 in Polearms
   971 | D:2      | Reached skill level 1 in Staves
   971 | D:2      | Reached skill level 1 in Slings
   971 | D:2      | Reached skill level 1 in Bows
   971 | D:2      | Reached skill level 1 in Crossbows
   971 | D:2      | Reached skill level 1 in Throwing
   971 | D:2      | Reached skill level 1 in Armour
   971 | D:2      | Reached skill level 1 in Shields
   971 | D:2      | Reached skill level 1 in Unarmed Combat
   971 | D:2      | Reached skill level 1 in Evocations
  1168 | D:2      | Reached XP level 4. HP: 32/32 MP: 7/11
  1271 | D:2      | Reached skill level 1 in Hexes
  1271 | D:2      | Reached skill level 1 in Summonings
  1271 | D:2      | Reached skill level 1 in Necromancy
  1271 | D:2      | Reached skill level 1 in Translocations
  1271 | D:2      | Reached skill level 1 in Transmutations
  1271 | D:2      | Reached skill level 1 in Fire Magic
  1271 | D:2      | Reached skill level 1 in Ice Magic
  1271 | D:2      | Reached skill level 1 in Air Magic
  1271 | D:2      | Reached skill level 1 in Earth Magic
  1271 | D:2      | Reached skill level 1 in Poison Magic
  1657 | D:2      | Reached XP level 5. HP: 37/37 MP: 10/12
  2356 | D:4      | Found Paxoxt's Specific Store.
  2356 | D:4      | Found Keobrigg's General Store.
  2365 | D:4      | Bought a +2 vorpal falchion for 198 gold pieces
  2424 | D:4      | Noticed a phantom
  2464 | D:4      | HP: 1/37 [phantom (7)]
  2466 | D:4      | Slain by an orc

Illustrated notes

Levels and vault maps discovered:
D:1:      dpeg_arrival_central, layout_basic,
          hellmonk_ecumenical_altar_leap_of_faith
D:2:      layout_rooms, grunt_decor_junction, nicolae_grassy_gnolls
D:3:      layout_rooms, lightli_corner_chamber
D:4:      layout_loops_cross, trog_wizard, nicolae_specific_store, uniq_pikel

Skill      XL: |  1  2  3  4 |
---------------+-------------+-----
Spellcasting   | 5 |  5.2
Invocations    | 1 |  1.6
Fighting       | 1 |  1.4
Short Blades   | 1 |  1.4
Long Blades    | 1 |  1.4
Axes           | 1 |  1.4
Maces & Flails | 1 |  1.4
Polearms       | 1 |  1.4
Staves         | 1 |  1.4
Slings         | 1 |  1.4
Bows           | 1 |  1.4
Crossbows      | 1 |  1.4
Throwing       | 1 |  1.4
Armour         | 1 |  1.4
Shields        | 1 |  1.4
Unarmed Combat | 1 |  1.4
Evocations     | 1 |  1.4
Hexes          | 1 |  1.1
Summonings     | 1 |  1.1
Necromancy     | 1 |  1.1
Translocations | 1 |  1.1
Transmutations | 1 |  1.1
Fire Magic     | 1 |  1.1
Ice Magic      | 1 |  1.1
Air Magic      | 1 |  1.1
Earth Magic    | 1 |  1.1
Poison Magic   | 1 |  1.1
Dodging        | |  4.7
Stealth        | |  4.4
Conjurations   | |  7.2

Action                   |  1- 3 |  4- 6 || total
-------------------------+-------+-------++-------
Melee: Falchion          |       |    14 ||    14
       Bite              |       |     2 ||     2
 Cast: Magic Dart        |    42 |    71 ||   113
       Searing Ray       |     1 |     1 ||     2
  Use: Scroll            |       |     4 ||     4
       Potion            |       |     4 ||     4
Armor: Robe              |       |    30 ||    30
Dodge: Dodged            |     7 |    24 ||    31
